 Dungeon Crawl Stone Soup version 0.29.0-4-gdea44cf6ec (webtiles) character file.

Game seed: 1435573238627920622

4001 qw the Grappler (level 10, 0/96 HPs)
             Began as a Troll Cinder Acolyte on Sept 1, 2022.
             Was a High Priest of Ignis.
             Slain by a quicksilver dragon simulacrum (24 damage)
             ... on level 1 of the Abyss.
             The game lasted 00:04:18 (6287 turns).

qw the Grappler (Troll Cinder Acolyte)              Turns: 6287, Time: 00:04:18

Health: 0/96       AC:  7    Str: 27    XL:     10   Next: 3%
Magic:  10/10      EV:  9    Int: 18    God:    Ignis [*****.]
Gold:   574        SH:  0    Dex:  4    Spells: 11/11 levels left

rFire   + . .      SeeInvis .     - Unarmed
rCold   . . .      Faith    .   (no shield)
rNeg    . . .      Spirit   .   a - +1 troll leather armour "Ruxunlil" {Regen+ Int+4}
rPois   .          Reflect  .   (helmet restricted)
rElec   .          Harm     .   (no cloak)
rCorr   .          Rampage  .   (gloves unavailable)
Will    .....                   (boots unavailable)
Stlth   +.........              (no amulet)
HPRegen 1.86/turn               (no ring)
MPRegen 0.12/turn               (no ring)

@: no status effects
A: large, unfitting armour, claws 3, regeneration 1, shaggy fur 1, tough skin 1,
clever 1
a: Renounce Religion, Fiery Armour, Foxfire Swarm, Rising Flame


You were on level 1 of the Abyss.
You worshipped Ignis.
Ignis was extremely pleased with you.
You visited 1 branch of the dungeon, and saw 7 of its levels.
You visited the Abyss 1 time.
You also visited: Ossuary.

You collected 574 gold pieces.


Innate Abilities, Weirdness & Mutations

You are too large for most types of armour.
You have claws for hands.
Your natural rate of healing is unusually fast.
You are covered in fur. (AC +1)
You have tough skin. (AC +1)
Your mind is acute. (Int +4, Str/Dex -1)


   Skills:
 - Level 5.1 Fighting
 - Level 1.0 Armour
 - Level 1.4 Dodging
 + Level 13.3 Unarmed Combat
 - Level 1.0 Spellcasting
 - Level 2.1 Fire Magic


You had 11 spell levels left.
You didn't know any spells.
Your spell library contained the following spells:

 Spells                   Type           Power      Damage    Failure   Level
 Scorch                   Fire           16%        2d5       14%         2

Inventory:

Armour
 a - the +1 troll leather armour "Ruxunlil" (worn) {Regen+ Int+4}
   (You acquired it on level 4 of the Dungeon)

   Int:       It affects your intelligence (+4).
   Regen:     It increases your rate of health regeneration.
 l - a +2 robe of fire resistance
Scrolls
 g - 3 scrolls of teleportation
 i - a scroll of identify
 q - a scroll of enchant armour
Potions
 b - 2 potions of haste
 f - 2 potions of cancellation
 h - a potion of degeneration {unknown}
 m - a potion of heal wounds
 o - 4 potions of mutation
 p - a potion of lignification {unknown}
 r - a potion of curing {unknown}

Dungeon Overview and Level Annotations

Branches:
Dungeon (7/15)             Temple (0/1) D:5         Ossuary (visited)

Altars:
The Shining One


Message History

The ufetubus hits you but does no damage.
The ufetubus hits you. The ufetubus misses you.
An ufetubus comes into view.
The ynoxinul barely misses you.
You barely miss the ynoxinul.
The ynoxinul is severely wounded.
The ufetubus hits you but does no damage.
The ufetubus hits you.
6260 ||| Stepping ~*~*~tactically~*~*~ (outnumbered).
The ufetubus attacks as you move away! The ufetubus barely misses you.
The ufetubus closely misses you.
The ufetubus hits you but does no damage. x3
The ufetubus barely misses you.
6261 ||| Stepping ~*~*~tactically~*~*~ (outnumbered).
The ynoxinul attacks as you move away! The ynoxinul closely misses you.
The ufetubus hits you but does no damage.
The ufetubus hits you.
You mangle the ynoxinul!!
You kill the ynoxinul!
The ufetubus disappears in a puff of smoke! x3
The ufetubus barely misses you. The ufetubus hits you.
You have reached level 10!
You miss the ufetubus. The ufetubus hits you. The ufetubus closely misses you.
You barely miss the ufetubus. The ufetubus hits you. x2
You claw the ufetubus!
You kill the ufetubus!
6268 ||| Stepping ~*~*~tactically~*~*~ (stealth).
A quicksilver dragon simulacrum comes into view.
The quicksilver dragon simulacrum barely misses you.
The quicksilver dragon simulacrum closely misses you.
You mangle the quicksilver dragon simulacrum!!
Your claw misses the quicksilver dragon simulacrum.
The quicksilver dragon simulacrum is heavily damaged.
The quicksilver dragon simulacrum bites you!
The quicksilver dragon simulacrum freezes you!!!
The quicksilver dragon simulacrum claws you!
The quicksilver dragon simulacrum freezes you!!
You die...

. . ## .# .
....##.#.#..##... .
#......##.#.......
#.................
.........#.......
#................. #.
.........#.......
.3.................
....##...@Z.# . . ...
#......#
...................
...
.................. .
. ..>...............
.....................
..
...................
..
#...##.#..#..#..#..
#.###..##.#.# .


You could see a quicksilver dragon simulacrum.

Vanquished Creatures
  Pikel (D:4)
  Sigmund (D:2)
  2 ynoxinuls (Abyss:1)
  5 yaks (D:5)
  A chaos spawn (Abyss:1)
  A water moccasin (D:6)
  2 ice beasts
  A black bear (D:6)
  3 ogres (D:5)
  A lemure (D:4)
  3 phantoms
  Blork the orc (D:4)
  A bullfrog (D:7)
  A scorpion (D:5)
  2 necrophages (D:6)
  3 wights (D:7)
  A howler monkey (D:6)
  5 hounds
  2 gnoll boudas
  An orc priest (D:5)
  5 orc wizards
  4 iguanas
  8 mummies (Ossuary)
  12 gnolls
  11 adders
  An ufetubus (Abyss:1)
  A worm (D:2)
  3 dart slugs
  22 orcs
  4 endoplasms
  3 giant cockroaches
  5 hobgoblins
  3 jackals (D:1)
  10 kobolds
  4 quokkas
  4 ball pythons
  5 bats
  4 frilled lizards
  A gnoll zombie (Ossuary)
  4 goblins
  2 hobgoblin zombies (Ossuary)
  3 kobold zombies (Ossuary)
  2 orc zombies (Ossuary)
  4 rats (D:1)
  A rat zombie (D:5)
164 creatures vanquished.

Notes
Turn   | Place    | Note
-------+----------+-------------------------------------------
     0 | D:1      | qw the Troll Cinder Acolyte began the quest for the Orb.
     0 | D:1      | Reached XP level 1. HP: 22/22 MP: 1/1
     0 | D:1      | 0 ||| qw: Version: 0.1-a-97-g2dd2ca4
     0 | D:1      | 0 ||| qw: Game counter: 4707
     0 | D:1      | 0 ||| qw: Always use a shield: true
     0 | D:1      | 0 ||| qw: God list: Okawaru
     0 | D:1      | 0 ||| qw: Allow faded altars: false
     0 | D:1      | 0 ||| qw: Do Orc after D:15 true
     0 | D:1      | 0 ||| qw: Do second Lair branch before Depths: true
     0 | D:1      | 0 ||| qw: Lair rune preference: random
     0 | D:1      | 0 ||| qw: Plans: Normal
     0 | D:1      | 0 ||| PLANNING D:1-11
    23 | D:1      | 23 ||| Stepping ~*~*~tactically~*~*~ (stealth).
   190 | D:1      | Found a faded altar of an unknown god.
   432 | D:1      | Reached XP level 2. HP: 29/29 MP: 2/2
   466 | D:1      | 466 ||| Stepping ~*~*~tactically~*~*~ (outnumbered).
   467 | D:1      | 467 ||| Stepping ~*~*~tactically~*~*~ (outnumbered).
   468 | D:1      | 468 ||| Stepping ~*~*~tactically~*~*~ (outnumbered).
   655 | D:1      | Reached skill level 4 in Unarmed Combat
   856 | D:1      | 856 ||| READING scroll labelled QYONAPS SAIXOXU.
   857 | D:1      | 857 ||| READING scroll labelled KUODAH QOWISYWK.
   858 | D:1      | 858 ||| READING scroll labelled LEISHE HAREIDA.
   859 | D:1      | 859 ||| READING scroll labelled DOYHOWE WICYP.
   860 | D:1      | 860 ||| READING scroll labelled ITIAKARUUCS.
   861 | D:1      | 861 ||| READING 3 scrolls labelled LIFYEBLIPU.
   962 | D:1      | 962 ||| DROPPING 2 scrolls of silence.
  1146 | D:2      | Reached XP level 3. HP: 35/36 MP: 3/3
  1199 | D:2      | 1199 ||| Stepping ~*~*~tactically~*~*~ (stealth).
  1206 | D:2      | 1206 ||| Stepping ~*~*~tactically~*~*~ (outnumbered).
  1349 | D:2      | Reached XP level 4. HP: 44/44 MP: 4/4
  1362 | D:2      | Noticed Sigmund
  1363 | D:2      | 1363 ||| Stepping ~*~*~tactically~*~*~ (hiding).
  1370 | D:2      | Killed Sigmund
  1371 | D:2      | Reached skill level 6 in Unarmed Combat
  1371 | D:2      | Reached XP level 5. HP: 43/50 MP: 5/5
  1719 | D:2      | 1719 ||| READING 2 scrolls labelled YTROEL GUKHLO.
  1723 | D:2      | 1723 ||| READING scroll labelled VUOREXTUTE.
  1724 | D:2      | 1724 ||| READING scroll labelled YSEIRALIMIAM.
  1799 | D:3      | Found a glowing golden altar of the Shining One.
  1927 | D:3      | 1927 ||| Stepping ~*~*~tactically~*~*~ (hiding).
  1932 | D:3      | 1932 ||| Stepping ~*~*~tactically~*~*~ (stealth).
  1939 | D:3      | 1939 ||| Stepping ~*~*~tactically~*~*~ (outnumbered).
  1945 | D:3      | Reached XP level 6. HP: 55/59 MP: 6/6
  2406 | D:3      | 2406 ||| DRINKING 2 smoky amethyst potions.
  2479 | D:4      | 2479 ||| Stepping ~*~*~tactically~*~*~ (stealth).
  2495 | D:4      | Reached skill level 7 in Unarmed Combat
  2647 | D:4      | Noticed Blork the orc
  2648 | D:4      | 2648 ||| Stepping ~*~*~tactically~*~*~ (hiding).
  2651 | D:4      | 2651 ||| Stepping ~*~*~tactically~*~*~ (hiding).
  2660 | D:4      | 2660 ||| INVOKING Fiery Armour.
  2661 | D:4      | HP: 14/59 [Blork the orc/+0 war axe (4)]
  2662 | D:4      | 2662 ||| READING 2 scrolls of teleportation.
  2664 | D:4      | Killed Blork the orc
  2782 | D:4      | 2782 ||| Stepping ~*~*~tactically~*~*~ (stealth).
  2801 | D:4      | Noticed Pikel
  2809 | D:4      | 2809 ||| Stepping ~*~*~tactically~*~*~ (outnumbered).
  2810 | D:4      | 2810 ||| Stepping ~*~*~tactically~*~*~ (outnumbered).
  2811 | D:4      | 2811 ||| Stepping ~*~*~tactically~*~*~ (outnumbered).
  2812 | D:4      | 2812 ||| Stepping ~*~*~tactically~*~*~ (stealth).
  2813 | D:4      | 2813 ||| Stepping ~*~*~tactically~*~*~ (outnumbered).
  2814 | D:4      | 2814 ||| Stepping ~*~*~tactically~*~*~ (outnumbered).
  2815 | D:4      | 2815 ||| Stepping ~*~*~tactically~*~*~ (outnumbered).
  2816 | D:4      | 2816 ||| Stepping ~*~*~tactically~*~*~ (outnumbered).
  2817 | D:4      | 2817 ||| Stepping ~*~*~tactically~*~*~ (outnumbered).
  2818 | D:4      | 2818 ||| Stepping ~*~*~tactically~*~*~ (outnumbered).
  2819 | D:4      | 2819 ||| Stepping ~*~*~tactically~*~*~ (outnumbered).
  2822 | D:4      | 2822 ||| Stepping ~*~*~tactically~*~*~ (stealth).
  2827 | D:4      | 2827 ||| Stepping ~*~*~tactically~*~*~ (stealth).
  2838 | D:4      | 2838 ||| INVOKING Fiery Armour.
  2841 | D:4      | Killed Pikel
  2842 | D:4      | Reached skill level 9 in Unarmed Combat
  2842 | D:4      | Reached XP level 7. HP: 25/66 MP: 7/7
  3004 | D:4      | Identified the +9 mace of Autumn {flame, rPois rF++ Str+3}
  3121 | D:4      | 3121 ||| Stepping ~*~*~tactically~*~*~ (stealth).
  3123 | D:4      | 3123 ||| Stepping ~*~*~tactically~*~*~ (stealth).
  3129 | D:4      | 3129 ||| Stepping ~*~*~tactically~*~*~ (stealth).
  3425 | D:4      | 3425 ||| UPGRADING to +2 robe of fire resistance.
  3435 | D:4      | 3435 ||| DROPPING +0 robe.
  3436 | D:4      | 3436 ||| READING scroll labelled KAJACIE WEYNO.
  3436 | D:4      | Identified a scroll of acquirement
  3436 | D:4      | 3436 ||| ACQUIRING +1 troll leather armour "Ruxunlil"
                  | {Regen+ Int+4}
  3436 | D:4      | Acquired the +1 troll leather armour "Ruxunlil" {Regen+
                  | Int+4}
  3438 | D:4      | 3438 ||| UPGRADING to +1 troll leather armour "Ruxunlil"
                  | {Regen+ Int+4}.
  3490 | D:5      | Entered Level 5 of the Dungeon
  3491 | D:5      | 3491 ||| PLANNING OSSUARY
  3498 | D:5      | Reached skill level 3 in Fighting
  3517 | D:5      | Reached XP level 8. HP: 73/75 MP: 8/8
  3563 | D:5      | 3563 ||| Stepping ~*~*~tactically~*~*~ (hiding).
  3571 | D:5      | 3571 ||| Stepping ~*~*~tactically~*~*~ (stealth).
  3575 | D:5      | 3575 ||| Stepping ~*~*~tactically~*~*~ (stealth).
  3594 | D:5      | Reached skill level 10 in Unarmed Combat
  3654 | D:5      | Reached skill level 1 in Dodging
  3724 | D:5      | 3724 ||| Stepping ~*~*~tactically~*~*~ (hiding).
  3731 | D:5      | Reached skill level 1 in Armour
  3829 | D:5      | 3829 ||| Stepping ~*~*~tactically~*~*~ (stealth).
  3850 | D:5      | 3850 ||| Stepping ~*~*~tactically~*~*~ (outnumbered).
  3854 | D:5      | Reached skill level 11 in Unarmed Combat
  3863 | D:5      | Reached XP level 9. HP: 50/84 MP: 9/9
  3868 | D:5      | 3868 ||| FLEEEEING.
  3970 | D:5      | Found a staircase to the Ecumenical Temple.
  4057 | D:5      | Found a sand-covered staircase.
  4071 | D:5      | 4071 ||| FLEEEEING.
  4072 | D:5      | 4072 ||| FLEEEEING.
  4073 | D:5      | 4073 ||| FLEEEEING.
  4074 | D:5      | 4074 ||| FLEEEEING.
  4075 | D:5      | 4075 ||| FLEEEEING.
  4076 | D:5      | 4076 ||| FLEEEEING.
  4078 | D:5      | 4078 ||| FLEEEEING.
  4079 | D:5      | 4079 ||| FLEEEEING.
  4082 | D:5      | 4082 ||| FLEEEEING.
  4083 | D:5      | 4083 ||| FLEEEEING.
  4090 | D:5      | 4090 ||| DRINKING 2 smoky grey potions.
  4090 | D:5      | Gained mutation: You occasionally lose the ability to drink
                  | potions when taking damage. [potion of mutation]
  4090 | D:5      | Gained mutation: You occasionally shout uncontrollably at
                  | your foes. [potion of mutation]
  4090 | D:5      | Gained mutation: You expend magic power (3 MP) to
                  | strengthen your wands. [potion of mutation]
  4091 | D:5      | 4091 ||| DRINKING potion of mutation.
  4091 | D:5      | Lost mutation: You occasionally shout uncontrollably at
                  | your foes. [potion of mutation]
  4091 | D:5      | Lost mutation: You expend magic power (3 MP) to strengthen
                  | your wands. [potion of mutation]
  4091 | D:5      | Lost mutation: You occasionally lose the ability to drink
                  | potions when taking damage. [potion of mutation]
  4091 | D:5      | Gained mutation: Your mind is acute. (Int +4, Str/Dex -1)
                  | [potion of mutation]
  4092 | D:5      | 4092 ||| DRINKING 2 murky yellow potions.
  4093 | D:5      | 4093 ||| DROPPING potion of magic.
  4116 | Ossuary  | Entered an ossuary
  4119 | Ossuary  | 4119 ||| INVOKING Fiery Armour.
  4125 | Ossuary  | 4125 ||| Stepping ~*~*~tactically~*~*~ (outnumbered).
  4126 | Ossuary  | 4126 ||| Stepping ~*~*~tactically~*~*~ (outnumbered).
  4150 | Ossuary  | 4150 ||| Stepping ~*~*~tactically~*~*~ (outnumbered).
  4151 | Ossuary  | 4151 ||| Stepping ~*~*~tactically~*~*~ (outnumbered).
  4153 | Ossuary  | 4153 ||| Stepping ~*~*~tactically~*~*~ (outnumbered).
  4155 | Ossuary  | 4155 ||| Stepping ~*~*~tactically~*~*~ (outnumbered).
  4156 | Ossuary  | 4156 ||| Stepping ~*~*~tactically~*~*~ (outnumbered).
  4179 | Ossuary  | 4179 ||| Stepping ~*~*~tactically~*~*~ (outnumbered).
  4181 | Ossuary  | 4181 ||| Stepping ~*~*~tactically~*~*~ (outnumbered).
  4183 | Ossuary  | 4183 ||| Stepping ~*~*~tactically~*~*~ (outnumbered).
  4185 | Ossuary  | 4185 ||| Stepping ~*~*~tactically~*~*~ (outnumbered).
  4186 | Ossuary  | 4186 ||| Stepping ~*~*~tactically~*~*~ (outnumbered).
  4188 | Ossuary  | 4188 ||| Stepping ~*~*~tactically~*~*~ (outnumbered).
  4301 | Ossuary  | Reached skill level 12 in Unarmed Combat
  4349 | Ossuary  | 4349 ||| READING 2 scrolls labelled ORONY ASICYESUL.
  4350 | Ossuary  | 4350 ||| READING scroll labelled WEWIR IRROFFU.
  4351 | Ossuary  | 4351 ||| DRINKING 2 fizzy white potions.
  4455 | Ossuary  | 4455 ||| DRINKING 3 fizzy coppery potions.
  4556 | Ossuary  | 4556 ||| DRINKING 2 lumpy red potions.
  4557 | Ossuary  | 4557 ||| DRINKING 2 blue potions.
  4558 | Ossuary  | 4558 ||| READING 2 scrolls of identify.
  4558 | Ossuary  | 4558 ||| IDENTIFYING fizzy golden potion
  4559 | Ossuary  | 4559 ||| DROPPING potion of berserk rage.
  4560 | Ossuary  | 4560 ||| DROPPING 2 potions of ambrosia.
  4561 | Ossuary  | 4561 ||| DROPPING potion of attraction.
  4587 | D:5      | 4587 ||| PLANNING D:1-11
  4846 | D:5      | 4846 ||| READING scroll labelled NIAL GIXKE AGH.
  4864 | D:6      | 4864 ||| PLANNING SEWER
  4864 | D:6      | 4864 ||| STAIRDANCE
  4870 | D:6      | 4870 ||| STAIRDANCE
  4872 | D:5      | 4872 ||| Stepping ~*~*~tactically~*~*~ (outnumbered).
  5202 | D:6      | 5202 ||| Stepping ~*~*~tactically~*~*~ (stealth).
  5204 | D:6      | 5204 ||| Stepping ~*~*~tactically~*~*~ (stealth).
  5211 | D:6      | 5211 ||| Stepping ~*~*~tactically~*~*~ (stealth).
  5219 | D:6      | 5219 ||| Stepping ~*~*~tactically~*~*~ (outnumbered).
  5220 | D:6      | 5220 ||| Stepping ~*~*~tactically~*~*~ (outnumbered).
  5221 | D:6      | 5221 ||| Stepping ~*~*~tactically~*~*~ (outnumbered).
  5222 | D:6      | 5222 ||| Stepping ~*~*~tactically~*~*~ (outnumbered).
  5261 | D:6      | 5261 ||| Stepping ~*~*~tactically~*~*~ (stealth).
  5263 | D:6      | 5263 ||| Stepping ~*~*~tactically~*~*~ (stealth).
  5266 | D:6      | 5266 ||| Stepping ~*~*~tactically~*~*~ (stealth).
  5285 | D:6      | 5285 ||| Stepping ~*~*~tactically~*~*~ (stealth).
  5286 | D:6      | 5286 ||| Stepping ~*~*~tactically~*~*~ (stealth).
  5290 | D:6      | 5290 ||| Stepping ~*~*~tactically~*~*~ (hiding).
  5329 | D:6      | 5329 ||| Stepping ~*~*~tactically~*~*~ (stealth).
  5332 | D:6      | 5332 ||| Stepping ~*~*~tactically~*~*~ (hiding).
  5623 | D:6      | 5623 ||| RIP SEWER
  5627 | D:6      | 5627 ||| PLANNING D:1-11
  5627 | D:6      | 5627 ||| DRINKING 2 inky potions.
  5628 | D:6      | 5628 ||| READING 2 scrolls of identify.
  5628 | D:6      | 5628 ||| IDENTIFYING puce potion
  5629 | D:6      | 5629 ||| DROPPING potion of flight.
  5630 | D:6      | 5630 ||| DROPPING potion of brilliance.
  5678 | D:7      | 5678 ||| Stepping ~*~*~tactically~*~*~ (stealth).
  5680 | D:7      | 5680 ||| Stepping ~*~*~tactically~*~*~ (hiding).
  5684 | D:7      | 5684 ||| Stepping ~*~*~tactically~*~*~ (outnumbered).
  5685 | D:7      | 5685 ||| Stepping ~*~*~tactically~*~*~ (outnumbered).
  6098 | D:7      | 6098 ||| Stepping ~*~*~tactically~*~*~ (stealth).
  6099 | D:7      | 6099 ||| Stepping ~*~*~tactically~*~*~ (stealth).
  6101 | D:7      | 6101 ||| Stepping ~*~*~tactically~*~*~ (hiding).
  6107 | D:7      | 6107 ||| Stepping ~*~*~tactically~*~*~ (outnumbered).
  6109 | D:7      | Reached skill level 13 in Unarmed Combat
  6113 | Abyss:1  | Cast into level 1 of the Abyss (gnoll)
  6114 | Abyss:1  | 6114 ||| DROPPING ring of wizardry.
  6115 | Abyss:1  | 6115 ||| DROPPING potion of invisibility.
  6120 | Abyss:1  | 6120 ||| Stepping ~*~*~tactically~*~*~ (stealth).
  6230 | Abyss:1  | Noticed a smoke demon
  6231 | Abyss:1  | 6231 ||| Stepping ~*~*~tactically~*~*~ (stealth).
  6233 | Abyss:1  | 6233 ||| Stepping ~*~*~tactically~*~*~ (stealth).
  6234 | Abyss:1  | 6234 ||| Stepping ~*~*~tactically~*~*~ (stealth).
  6235 | Abyss:1  | 6235 ||| Stepping ~*~*~tactically~*~*~ (stealth).
  6236 | Abyss:1  | 6236 ||| Stepping ~*~*~tactically~*~*~ (stealth).
  6239 | Abyss:1  | 6239 ||| Stepping ~*~*~tactically~*~*~ (stealth).
  6247 | Abyss:1  | 6247 ||| Stepping ~*~*~tactically~*~*~ (stealth).
  6248 | Abyss:1  | 6248 ||| Stepping ~*~*~tactically~*~*~ (stealth).
  6260 | Abyss:1  | 6260 ||| Stepping ~*~*~tactically~*~*~ (outnumbered).
  6261 | Abyss:1  | 6261 ||| Stepping ~*~*~tactically~*~*~ (outnumbered).
  6263 | Abyss:1  | Reached XP level 10. HP: 53/96 MP: 10/10
  6268 | Abyss:1  | 6268 ||| Stepping ~*~*~tactically~*~*~ (stealth).
  6287 | Abyss:1  | HP: 24/96 [quicksilver dragon simulacrum (11)]
  6287 | Abyss:1  | Slain by a quicksilver dragon simulacrum

Levels and vault maps discovered:
D:1:      dpeg_arrival_orchard, layout_basic, basic_ecumenical_altar
D:2:      layout_basic, minmay_randomly_rotated_circles, uniq_sigmund
D:3:      layout_loops_ring, nicolae_tso_carved_into_rock
D:4:      layout_basic, uniq_blork_the_orc, uniq_pikel
D:5:      layout_loops_ring, temple_fountains, enter_ossuary_3
D:6:      layout_loops_ring, portal_sewer_entry_d
D:7:      layout_basic, fedhas_altar_decomposition
Abyss:1:  base:
D:7

Skill      XL: |  1  2  3  4  5  6  7  8  9 |
---------------+----------------------------+-----
Unarmed Combat | 4 6 9 11 13 | 13.3
Fighting       | 3 4 5 |  5.1
Dodging        | 1 |  1.4
Armour         | 1 |  1.0
Spellcasting   | |  1.0
Fire Magic     | |  2.1

Action                   |  1- 3 |  4- 6 |  7- 9 | 10-12 || total
-------------------------+-------+-------+-------+-------++-------
Melee: Unarmed           |   121 |   103 |   296 |     4 ||   524
       Punch             |     2 |     3 |    11 |       ||    16
Invok: Fiery Armour      |       |     2 |     1 |       ||     3
  Use: Scroll            |     6 |     4 |     6 |       ||    16
       Potion            |       |     1 |     8 |       ||     9
Armor: Robe              |    54 |    20 |     6 |       ||    80
       Troll leather arm |       |       |    58 |       ||    58
Dodge: Dodged            |    67 |    34 |    86 |     3 ||   190

Table legend:
 A = Non-vault XP
 B = Vault XP
 C = Vault XP percentage of total XP
 D = Non-vault monster count
 E = Vault monster count
 F = Vault count percentage of total count
                 A         B        C        D         E       F
            +---------+---------+-------+---------+---------+-------
      Total |    4601 |    1116 |  19.5 |     136 |      27 |  16.6
            +---------+---------+-------+---------+---------+-------
        D:1 |      38 |       0 |   0.0 |      22 |       0 |   0.0
        D:2 |      42 |     251 |  85.7 |      10 |       7 |  41.2
        D:3 |      91 |       0 |   0.0 |      17 |       0 |   0.0
        D:4 |     208 |     703 |  77.2 |      15 |       2 |  11.8
        D:5 |    2176 |       1 |   0.0 |      30 |       1 |   3.2
        D:6 |    1000 |      13 |   1.3 |      26 |       1 |   3.7
        D:7 |     433 |       0 |   0.0 |      12 |       0 |   0.0
    Abyss:1 |     613 |       0 |   0.0 |       4 |       0 |   0.0
    Ossuary |       0 |     148 | 100.0 |       0 |      16 | 100.0
            +---------+---------+-------+---------+---------+-------
